 Dungeon Crawl Stone Soup version 0.32-a0-576-g706899e69d (webtiles) character file.

Game seed: 14851111312406593483

313 Strat the Shield-Bearer (level 6, 0/48 HPs)
             Began as a Human Fighter on Mar 1, 2024.
             Incinerated by a bombardier beetle (5 damage)
             ... with a burning spray
             ... on level 5 of the Dungeon.
             The game lasted 00:06:15 (3812 turns).

Strat the Shield-Bearer (Human Fighter)             Turns: 3812, Time: 00:06:15

Health: 0/48       AC: 10    Str: 19    XL:     6   Next: 43%
Magic:  6/6        EV:  7    Int:  8    God:
Gold:   212        SH:  5    Dex: 12    Spells: 5/5 levels left

rFire   . . .        a - +0 flail
rCold   . . .        c - +0 buckler
rNeg    . . .        s - +0 chain mail
rPois   .            (no helmet)
rElec   .            (no cloak)
rCorr   .            (no gloves)
SInv    .            k - +0 pair of boots
Will    .....        (no amulet) Stlth
                     (no ring)
HPRegen 0.28/turn    (no ring)
MPRegen 0.10/turn

%: no passive effects
@: mighty, on fire, glowing
A: explore regen
a: no special abilities


You were on level 5 of the Dungeon.
You visited 1 branch of the dungeon, and saw 5 of its levels.

You collected 212 gold pieces.

Inventory:

Hand Weapons
 a - a +0 flail (weapon)
 b - a +0 sling
Missiles
 h - 5 boomerangs (quivered)
Armour
 c - a +0 buckler (worn)
 k - a +0 pair of boots (worn)
 p - a +0 tower shield
 s - a +0 chain mail (worn)
 u - a +0 scale mail
Jewellery
 v - a ring of wizardry
Wands
 x - a wand of flame (4)
 z - a wand of charming (12)
Scrolls
 d - 2 scrolls of identify {unknown}
 e - a scroll of revelation {unknown}
 f - 2 scrolls of noise {unknown}
 g - 2 scrolls of teleportation
 j - 2 scrolls of enchant weapon {unknown}
 r - 2 scrolls of vulnerability {unknown}
 t - a scroll of immolation {unknown}
 w - 2 scrolls of poison {unknown}
 y - a scroll of silence {unknown}
 C - a scroll of brand weapon {unknown}
 D - a scroll of enchant armour {unknown}
Potions
 i - 2 potions of haste {unknown}
 l - a potion of resistance {unknown}
 m - 2 potions of degeneration {unknown}
 n - a potion of curing {unknown}
 o - a potion of enlightenment {unknown}
 q - 2 potions of magic {unknown}
 A - a potion of brilliance {unknown}
 B - a potion of might


   Skills:
 + Level 3.9 Fighting
 * Level 4.1 Maces & Flails
 + Level 3.8 Armour
 * Level 4.7 Shields


You had 5 spell levels left.
You didn't know any spells.
Your spell library contained the following spells:

 Spells                   Type           Power      Damage    Failure   Level
 Cigotuvi's Dreadful Rot  Necr/Alch/Air  0%         N/A       100%        2
 Volatile Blastmotes      Fire/Tloc      0%         2d10      100%        3
 Fulminant Prism          Conj/Alch      0%         3d5       100%        4
 Ignite Poison            Fire/Alch      0%         N/A       100%        4
 Iskenderun's Mystic Bla  Conj/Tloc      0%         2d3       100%        4
 Freezing Cloud           Conj/Ice/Air   0%         6-21      100%        5


Dungeon Overview and Level Annotations

Branches:
Dungeon (5/15)
 Temple: D:4-7

Altars:
Elyvilon
Fedhas
Kikubaaqudgha
Makhleb
Zin
The Shining One


Innate Abilities, Weirdness & Mutations

You regain HP and MP as you explore.


Message History

You are even more covered in liquid fire!
You shake off some of the fire as you move.
The liquid fire burns you!
* * * LOW HITPOINT WARNING * * *
You shake off some of the fire as you move.
The liquid fire burns you!
* * * LOW HITPOINT WARNING * * *
You shake off some of the fire as you move.
The liquid fire burns you!
* * * LOW HITPOINT WARNING * * *
You shake off some of the fire as you move.
The liquid fire burns you!
* * * LOW HITPOINT WARNING * * *
You shake off the liquid fire.
The bombardier beetle sprays incendiary fluid at you.
The burning spray hits you.
You are covered in liquid fire!
You shake off some of the fire as you move.
The liquid fire burns you!
* * * LOW HITPOINT WARNING * * *
You shake off the liquid fire.
The bombardier beetle sprays incendiary fluid at you.
The burning spray hits you.
You are covered in liquid fire!
You completely miss the bombardier beetle.
The bombardier beetle is almost dead.
The liquid fire burns you!
* * * LOW HITPOINT WARNING * * *
The bombardier beetle bites you but does no damage.
Unknown command.
You feel very mighty all of a sudden. The liquid fire burns you!
* * * LOW HITPOINT WARNING * * *
You sock the bombardier beetle!
You kill the bombardier beetle!
The liquid fire burns you!
* * * LOW HITPOINT WARNING * * *
You shake off some of the fire as you move.
The liquid fire burns you!
You die...

.. .. .. .# .#
##### .#
#...###.#
###.#####.#...<.#
.........@..#####
###.#########


There were no monsters in sight!

Vanquished Creatures
  A scorpion (D:4)
  A bombardier beetle (D:5)
  A hound (D:5)
  An iguana (D:4)
  7 adders
  5 ribbon worms
  5 dart slugs
  2 orcs (D:3)
  6 ball pythons
  3 bats (D:2)
  6 endoplasms
  6 giant cockroaches
  10 goblins
  4 hobgoblins
  3 jackals (D:3)
  7 kobolds
  4 quokkas
  3 frilled lizards
  8 rats
83 creatures vanquished.

Notes
Turn   | Place    | Note
-------+----------+-------------------------------------------
     0 | D:1      | Strat the Human Fighter began the quest for the Orb.
     0 | D:1      | Reached XP level 1. HP: 18/18 MP: 1/1
   239 | D:1      | Reached XP level 2. HP: 24/24 MP: 2/2
  1031 | D:2      | Reached XP level 3. HP: 29/29 MP: 3/3
  1713 | D:2      | Reached XP level 4. HP: 28/35 MP: 4/4
  2362 | D:3      | Found a white marble altar of Elyvilon.
  2492 | D:3      | Reached XP level 5. HP: 33/41 MP: 5/5
  2640 | D:3      | Found a glowing silver altar of Zin.
  2727 | D:3      | Found a burning altar of Makhleb.
  2727 | D:3      | Noticed a balrug
  2885 | D:3      | Found an ancient bone altar of Kikubaaqudgha.
  3270 | D:4      | Reached XP level 6. HP: 45/48 MP: 6/6
  3317 | D:4      | Found a blossoming altar of Fedhas.
  3727 | D:4      | Found a glowing golden altar of the Shining One.
  3768 | D:5      | Entered Level 5 of the Dungeon
  3812 | D:5      | Incinerated by a bombardier beetle

Illustrated notes

Levels and vault maps discovered:
D:1:      ncdulo_wetmaze, layout_basic
D:2:      layout_basic
D:3:      kennysheep_the_goblin_king, layout_loops_ring,
          makhleb_altar_promises_db, nicolae_elyvilon_peaceful_grove,
          marbit_many_paths, mainiacjoe_overflow_alcove_4, chequers_jeans
D:4:      layout_rooms, mainiacjoe_overflow_small_starburst, tso_altar,
          serial_bayou, serial_bayou_pond_d, serial_bayou_crossing,
          serial_bayou_shore_a, serial_bayou_lagoon_b
D:5:      layout_loops_corners, lemuel_mausoleum_altar_yredelemnul, hex_medium,
          kennysheep_generic_room_6

Skill      XL: |  1  2  3  4  5  6 |
---------------+-------------------+-----
Maces & Flails | 3 4 |  4.1
Shields        | 4 |  4.7
Fighting       | |  3.9
Armour         | |  3.8

Action                     |  1- 3 |  4- 6 || total
---------------------------+-------+-------++-------
  Melee: Flail             |   128 |   159 ||   287
   Fire: Sling             |       |    49 ||    49
    Use: Potion            |       |     3 ||     3
         Scroll            |       |     1 ||     1
 Armour: Scale mail        |    82 |    10 ||    92
         Chain mail        |       |   151 ||   151
  Dodge: Dodged            |    41 |    70 ||   111
  Block: Buckler           |    26 |    43 ||    69

Table legend: (Time is in decaauts)
 A = Elapsed time spent in this place.
 B = Non-inter-level travel time spent in this place.
 C = Inter-level travel time spent in this place.
 D = Time resting spent in this place.
 E = Time spent auto-exploring this place.
 F = Levels seen in this place.
 G = Mean time per level.
                   A        B        C        D        E       F      G
               +--------+--------+--------+--------+--------+-----+--------+
         Total |   3958 |   3829 |    129 |    113 |   2803 |   5 |  791.6 |
       Dungeon |   3958 |   3829 |    129 |    113 |   2803 |   5 |  791.6 |
               +--------+--------+--------+--------+--------+-----+--------+

Top non-repeatable levels by time:
     D:2: 1199 daAuts
     D:3: 1057 daAuts
     D:1: 907 daAuts
     D:4: 759 daAuts
     D:5: 33 daAuts
